 Dungeon Crawl Stone Soup version 0.24.0-13-gcf9b3192b9 (webtiles) character file.

Game seed: 142876819348686798, levelgen mode: deterministic

1646 Monsterracer the Cleaver (level 8, 35/74 HPs)
             Began as a Deep Dwarf Fighter on Nov 9, 2019.
             Quit the game on level 4 of the Dungeon.
             The game lasted 00:01:21 (1715 turns).

Monsterracer the Cleaver (Deep Dwarf Fighter)       Turns: 1715, Time: 00:01:22

Health: 35/74      AC:  7    Str: 21    XL:     8   Next: 67%
Magic:  4/4        EV:  8    Int: 10    God:
Gold:   324        SH: 10    Dex: 12    Spells: 7/7 levels left

rFire    . . .     SeeInvis .   a - +0 war axe
rCold    . . .     Gourm    .   f - +0 shield
rNeg     . . .     Faith    .   b - +0 scale mail
rPois    .         Spirit   .   (no helmet)
rElec    .         Reflect  .   p - scarf {cloud immunity}
rCorr    .         Harm     .   (no gloves)
MR       +....                  (no boots)
Stlth    ..........             (no amulet)
HPRegen  0.00/turn              (no ring)
MPRegen  0.09/turn              (no ring)

@: mildly poisoned (35 -> 35), non-regenerating
A: damage resistance, heal wounds, sense surroundings 1, no regeneration
a: Heal Wounds


You were on level 4 of the Dungeon.
You were hungry.

You visited 1 branch of the dungeon, and saw 6 of its levels.
You also visited: Ossuary.

You collected 324 gold pieces.

Inventory:

Hand Weapons
 a - a +0 war axe (weapon)
 s - a +2 whip of freezing
   (You took it off Pikel on level 4 of the Dungeon)
Armour
 b - a +0 scale mail (worn)
 f - a +0 shield (worn)
 p - a scarf of cloud immunity (worn)
   (You found it on level 2 of the Dungeon)
Jewellery
 h - a +4 amulet of reflection {unknown}
   (You found it on level 1 of the Dungeon)
 o - a cursed amulet of inaccuracy {unknown}
   (You found it on level 2 of the Dungeon)
Scrolls
 d - a scroll of amnesia {unknown}
 e - 2 scrolls of teleportation {unknown}
 i - 2 scrolls of identify {unknown}
 l - a scroll of enchant armour {unknown}
 n - a scroll of blinking {unknown}
 q - 2 scrolls of fog {unknown}
 r - a scroll of magic mapping {unknown}
Potions
 g - 2 potions of flight {unknown}
 j - a potion of might
 k - a potion of curing {unknown}
 m - a potion of magic {unknown}
 t - a potion of mutation {unknown}
Comestibles
 c - 10 rations


   Skills:
 + Level 5.2 Fighting
 * Level 8.0 Axes
 + Level 6.3 Armour
 + Level 6.3 Shields


You had 7 spell levels left.
You didn't know any spells.
Your spell library was empty.

Dungeon Overview and Level Annotations

Branches:
Dungeon (6/15)            Ossuary (visited)
 Temple: D:4-7

Altars:


Innate Abilities, Weirdness & Mutations

You are resistant to damage.
You can heal yourself by infusing magical energy.
You passively map a small area around you.
You do not regenerate.


Message History

The worker ant poisons you! You block the bullfrog's attack.
The orc wizard hits you but does no damage.
You slash the bullfrog!
The bullfrog is moderately wounded.
You barely miss the orc wizard. You hit the worker ant.
The bullfrog barely misses you.
An orc comes into view.
You block the worker ant's attack.
The orc wizard gestures wildly while chanting.
The orc wizard seems to speed up.
The orc wizard hits you with a +0 dagger.
The bullfrog hits you.
The worker ant bites you but does no damage.
You slash the bullfrog!
The bullfrog is almost dead.
You barely miss the orc wizard. You closely miss the worker ant.
The orc wizard casts a cantrip, but nothing happens.
You block the bullfrog's attack.
The worker ant bites you but does no damage.
You block the bullfrog's attack.
You barely miss the bullfrog.
The bullfrog is almost dead.
You closely miss the orc. You hit the worker ant.
You block the worker ant's attack. The bullfrog hits you.
The worker ant barely misses you. You block the orc's attack.
You closely miss the bullfrog.
The bullfrog is almost dead.
You barely miss the worker ant. You hit the orc but do no damage.
The bullfrog hits you.
The orc wizard casts a spell.
The orc wizard flickers and vanishes!
Deactivating autopickup; reactivate with Ctrl-A.
The bullfrog hits you. You block the worker ant's attack.
The orc wizard mumbles some strange words.
The orc wizard blinks!
You block the orc's attack.
You hit the bullfrog.
You kill the bullfrog!
You hit the orc but do no damage. You barely miss the worker ant.
You block the worker ant's attack.
You hit the worker ant but do no damage.
The worker ant is heavily wounded.
You hit the orc. The worker ant completely misses you.
The orc wizard casts a spell.
The orc wizard seems to speed up.
The orc hits you but does no damage. You block the worker ant's attack.
You are feeling hungry.
You hit the worker ant but do no damage.
The worker ant is heavily wounded.
You closely miss the orc.
A scorpion comes into view.
The worker ant barely misses you. Something hits you but does no damage.
The orc hits you with a +0 club.
The orc wizard mumbles some strange words.
The orc wizard blinks!
You closely miss the worker ant.
The worker ant is heavily wounded.
You miss something. You hit the orc but do no damage. You hit the orc.
Something hits you but does no damage. You block the worker ant's attack.
You block the orc's attack. Something hits you but does no damage.
The orc hits you but does no damage.
You slash the worker ant!
You kill the worker ant!
Your Axes skill increases to level 8!
You miss something. You slash the orc!
You kill the orc!
You closely miss the orc. Something hits you.
The orc hits you but does no damage.
You hear some strange, mumbled words.
A puff of frost appears from out of thin air!
The puff of frost hits you!
* * * LOW HITPOINT WARNING * * *
You are too injured to fight recklessly!
You are too injured to fight recklessly!
You are too injured to fight recklessly!
You are too injured to fight recklessly!
You are too injured to fight recklessly!
You are too injured to fight recklessly!
You are too injured to fight recklessly!
You are too injured to fight recklessly!
You are too injured to fight recklessly!
You are too injured to fight recklessly!
You are too injured to fight recklessly!
You are too injured to fight recklessly!
You are too injured to fight recklessly!
You are too injured to fight recklessly!
There are monsters nearby!
You are too injured to fight recklessly!
You are too injured to fight recklessly!
You are too injured to fight recklessly!
You are too injured to fight recklessly!
You are too injured to fight recklessly!
Unknown command.
You are too injured to fight recklessly!
You are too injured to fight recklessly!
You are too injured to fight recklessly!
You are too injured to fight recklessly!
You are too injured to fight recklessly!
You fail to use your ability.
The orc closely misses you. Something hits you but does no damage.
The orc hits you.
Are you sure you want to abandon this character and quit the game? (Confirm with "yes".)

.......... , ,,
..........^.....#.. ,
..................o, , ,
........#.........#####(*
........##.....s........
........................
.......................#
.................o......
........#......o@.......
...#....##........#.####
..##.##......#....# *
.[#..#......###...#
.)..#......#* ##.##
.)..##.#..########
.....#........#
..#...........#
####...#...#.##


You could see a scorpion, an orc wizard and 2 orcs.

Vanquished Creatures
  Pikel (D:4)
  Prince Ribbit (D:6)
  Duvessa (D:4)
  An ice beast (D:6)
  2 slaves (D:4)
  A phantom (D:2)
  2 ogres (D:6 D:4)
  A bullfrog (D:4)
  An elf zombie (Ossuary)
  Dowan (D:4)
  A bullfrog zombie (D:5)
  2 hounds (D:6 D:5)
  A bullfrog skeleton (D:5)
  An iguana (D:6)
  A worker ant (D:4)
  2 big kobold zombies (Ossuary)
  2 mummies (Ossuary)
  4 adders (D:2 D:5 D:4)
  2 worms (D:2 D:4)
  A dart slug (D:2)
  An orc (D:4)
  6 bats (D:1 D:2)
  2 giant cockroaches (D:2)
  5 gnoll zombies (Ossuary)
  6 goblins (D:1 D:2 D:3)
  4 hobgoblins (D:1 D:2)
  6 kobolds (D:1 D:2)
  3 quokkas (D:3 D:6 D:4)
  A ball python (D:1)
  5 frilled lizards (D:1 D:2)
  A giant cockroach zombie (D:5)
  3 hobgoblin zombies (Ossuary)
  3 orc zombies (Ossuary)
  7 rats (D:1 D:3)
82 creatures vanquished.

Vanquished Creatures (others)
  A slave (D:4)
1 creature vanquished.

Grand Total: 83 creatures vanquished

Notes
Turn   | Place    | Note
-------+----------+-------------------------------------------
     0 | D:1      | Monsterracer the Deep Dwarf Fighter began the quest for the
                  | Orb.
     0 | D:1      | Reached XP level 1. HP: 20/20 MP: 1/1
   149 | D:1      | Reached XP level 2. HP: 20/27 MP: 2/2
   675 | D:2      | Reached skill level 3 in Axes
   692 | D:2      | Reached XP level 3. HP: 23/33 MP: 3/3
   829 | D:2      | Noticed a phantom
   851 | D:2      | Killed a phantom
   851 | D:2      | Reached skill level 4 in Axes
   851 | D:2      | Reached XP level 4. HP: 42/42 MP: 3/3
   924 | D:2      | Reached XP level 5. HP: 46/49 MP: 4/4
  1225 | D:3      | You fall into a shaft and drop 3 floors!
  1259 | D:6      | Noticed an ice beast
  1279 | D:6      | Killed an ice beast
  1279 | D:6      | Reached XP level 6. HP: 43/56 MP: 5/5
  1283 | D:6      | Noticed Prince Ribbit
  1293 | D:6      | Reached skill level 5 in Axes
  1294 | D:6      | HP: 28/57 [Prince Ribbit (3)]
  1302 | D:6      | Killed Prince Ribbit
  1302 | D:6      | Reached skill level 5 in Armour
  1302 | D:6      | Reached XP level 7. HP: 52/64 MP: 6/6
  1314 | D:5      | Entered Level 5 of the Dungeon
  1325 | D:5      | Found a sand-covered staircase.
  1333 | D:5      | Reached skill level 5 in Shields
  1341 | D:5      | Reached skill level 6 in Axes
  1350 | Ossuary  | Entered an ossuary
  1360 | Ossuary  | HP: 27/64 [mummy (16)]
  1407 | Ossuary  | HP: 29/64 [elf zombie (5)]
  1590 | D:4      | Noticed Duvessa
  1591 | D:4      | Noticed Pikel
  1595 | D:4      | HP: 32/66 [slave[Pikel] (6)]
  1601 | D:4      | HP: 31/66 [ogre/+0 giant club (4)]
  1604 | D:4      | Killed Duvessa
  1607 | D:4      | HP: 31/66 [slave[Pikel] (3)]
  1608 | D:4      | Killed Pikel
  1608 | D:4      | Reached skill level 5 in Fighting
  1608 | D:4      | Reached skill level 7 in Axes
  1608 | D:4      | Reached XP level 8. HP: 27/74 MP: 4/4
  1609 | D:4      | Noticed Dowan
  1621 | D:4      | HP: 27/74 [Dowan/stone arrow (12)]
  1629 | D:4      | Killed Dowan
  1713 | D:4      | Reached skill level 8 in Axes
  1713 | D:4      | HP: 35/74 [something/puff of frost (5)]
  1715 | D:4      | Quit the game

Levels and vault maps discovered:
D:1:      eino_arrival_cavern_b, layout_basic
D:2:      layout_loops_ring, first_ration, minmay_misc_feat_plants,
          minmay_large_rounded_square, minmay_pentomino_r4
D:3:      layout_basic
D:4:      layout_cave_pools, hangedman_decor_lopped, uniq_pikel, uniq_duvessa
D:5:      layout_rooms, nicolae_ossuary_entry_monument, gammafunk_ghost_smash,
          uniq_grinder
D:6:      minmay_diamond_boxcup, layout_gridville, uniq_prince_ribbit1,
          uniq_crazy_yiuf_cottage

Skill      XL: |  1  2  3  4  5  6  7  8 |
---------------+-------------------------+-----
Axes           | 3 4 5 7 8 |  8.0
Fighting       | 3 4 5 |  5.2
Armour         | 4 5 6 |  6.3
Shields        | 4 6 |  6.3

Action                   |  1- 3 |  4- 6 |  7- 9 || total
-------------------------+-------+-------+-------++-------
Melee: War axe           |   101 |    74 |   139 ||   314
 Abil: Heal Wounds       |     2 |     2 |     9 ||    13
  Use: Potion            |       |     1 |       ||     1
  Eat: Chunk             |       |     1 |     2 ||     3
Armor: Scale mail        |    51 |    26 |    63 ||   140
Dodge: Dodged            |    27 |    23 |    46 ||    96
Block: Shield            |    55 |    40 |    97 ||   192
